 Dungeon Crawl Stone Soup version 0.30-b1-2-g02819fbbbe (webtiles) character file.

Game seed: 18313009120402012829

383 Alarkh the Insei (level 6, -2/48 HPs)
             Began as a Demonspawn Artificer on Nov 27, 2023.
             Slain by a bullfrog (6 damage)
             ... on level 6 of the Dungeon.
             The game lasted 00:03:03 (2629 turns).

Alarkh the Insei (Demonspawn Artificer)             Turns: 2629, Time: 00:03:03

Health: -2/48      AC:  3    Str: 15    XL:     6   Next: 47%
Magic:  6/6        EV: 11    Int: 13    God:
Gold:   299        SH:  4    Dex: 13    Spells: 5/5 levels left

rFire   . . .        p - +9 quarterstaff "Vualeq" {freeze, Will+ Str+3 Int-2}
rCold   . . .        (shield currently unavailable)
rNeg    . . .        b - +0 leather armour
rPois   .            (no helmet)
rElec   .            (no cloak)
rCorr   .            (no gloves)
SInv    .            (no boots)
Will    +....        (no amulet)
Stlth   +            (no ring)
HPRegen 0.28/turn    (no ring)
MPRegen 0.10/turn

%: no passive effects
@: no status effects
A: claws 2, large bone plates 1, powered by pain 1
a: no special abilities


You were on level 6 of the Dungeon.
You visited 1 branch of the dungeon, and saw 4 of its levels.
You also visited: Sewer.

You collected 299 gold pieces.

Inventory:

Hand Weapons
 a - a +3 whip
 f - a +0 club
 p - the +9 quarterstaff "Vualeq" (weapon) {freeze, Will+ Str+3 Int-2}
   (You found it on level 2 of the Dungeon)

   Str:       It affects your strength (+3).
   Int:       It affects your intelligence (-2).
   Will:      It increases your willpower.
Armour
 b - a +0 leather armour (worn)
Wands
 c - a wand of flame (2) (quivered)
 d - a wand of charming (15)
 e - a wand of iceblast (5)
Scrolls
 h - a scroll of poison {unknown}
 k - a scroll of enchant armour {unknown}
 l - a scroll of amnesia
 n - a scroll of blinking
 s - a scroll of teleportation {unknown}
 u - a scroll of silence {unknown}
 v - a scroll of vulnerability {unknown}
Potions
 g - a potion of brilliance {unknown}
 i - 4 potions of curing {unknown}
 j - a potion of degeneration {unknown}
 m - 2 potions of heal wounds
 o - 2 potions of might {unknown}
 q - a potion of berserk rage {unknown}
 r - 2 potions of flight
 t - a potion of attraction {unknown}


   Skills:
 + Level 4.1 Fighting
 - Level 1.7 Armour
 - Level 0.8 Dodging
 - Level 0.8 Stealth
 * Level 4.6 Unarmed Combat
 - Level 3.0 Evocations


You had 5 spell levels left.
You didn't know any spells.
Your spell library contained the following spells:

 Spells                   Type           Power      Damage    Failure   Level
 Apportation              Tloc           0%         N/A       36%         1
 Alistair's Intoxication  Tmut/Pois      0%         N/A       100%        5


Dungeon Overview and Level Annotations

Branches:
Dungeon (3/15)              Sewer (visited)

Altars:


Innate Abilities, Weirdness & Mutations

You have very sharp fingernails.
You are partially covered in large bone plates. (SH +4)
You sometimes gain a little power by taking damage.


Message History

The ice beast is lightly wounded.
Aiming: Throw Flame
Press: ? - help, Shift-Dir - straight line, f/p - ice beast
Aim: an ice beast (lightly wounded, 71% to hit)
The puff of flame hits the ice beast!
The ice beast melts!
The ice beast is moderately wounded.
Aiming: Throw Flame
Press: ? - help, Shift-Dir - straight line, f/p - ice beast
Aim: an ice beast (moderately wounded, 71% to hit)
The puff of flame misses the ice beast.
You hit the ice beast.
The ice beast is heavily wounded.
The bullfrog hits you but does no damage.
The bullfrog completely misses you. The ice beast hits you.
The ice beast freezes you!
Aiming: Throw Flame
Press: ? - help, Shift-Dir - straight line, f/p - ice beast
Aim: an ice beast (heavily wounded, 71% to hit)
The puff of flame misses the ice beast.
The bullfrog barely misses you.
The ice beast hits you but does no damage.
The bullfrog hits you!
Unknown command.
You thump the ice beast!
The ice beast is almost dead.
The bullfrog hits you! The ice beast barely misses you.
The bullfrog closely misses you.
Unknown command.
You sock the ice beast!
You kill the ice beast!
The bullfrog hits you.
Your Fighting skill increases to level 4!
You completely miss the bullfrog. The bullfrog hits you!
* * * LOW HITPOINT WARNING * * *
The bullfrog hits you!
* * * LOW HITPOINT WARNING * * *
Aiming: Throw Flame
Press: ? - help, Shift-Dir - straight line, f - bullfrog
Aim: a bullfrog (64% to hit)
The puff of flame misses the bullfrog.
The bullfrog hits you.
You die...

#....# #..:.# #....#
#....# #....## #..... #
#....#
###########.############
................@F....>.
######..###.############
#..## #.# #.## ..# ...
Y### .... #. #.#### # #


You could see a bullfrog.

Vanquished Creatures
  An ice beast (D:6)
  A kobold brigand (Sewer)
  A phantom (D:2)
  5 adders
  2 river rats (Sewer)
  2 worms
  A dart slug (D:3)
  An orc (D:3)
  5 endoplasms
  3 giant cockroaches
  2 goblins
  3 hobgoblins
  13 jackals
  7 kobolds
  3 quokkas
  8 ball pythons
  6 bats
  5 frilled lizards
  9 rats
78 creatures vanquished.

Vanquished Creatures (others)
  5 toadstools (D:1)
5 creatures vanquished.

Grand Total: 83 creatures vanquished

Notes
Turn   | Place    | Note
-------+----------+-------------------------------------------
     0 | D:1      | Alarkh the Demonspawn Artificer began the quest for the
                  | Orb.
     0 | D:1      | Reached XP level 1. HP: 15/15 MP: 1/1
   197 | D:1      | Gained mutation: You have sharp fingernails. [demonic
                  | ancestry]
   197 | D:1      | Reached XP level 2. HP: 20/22 MP: 2/2
   536 | D:1      | Reached skill level 1 in Unarmed Combat
   858 | D:1      | Gained mutation: You have very sharp fingernails. [demonic
                  | ancestry]
   858 | D:1      | Reached XP level 3. HP: 25/28 MP: 3/3
  1426 | D:2      | Identified the +9 quarterstaff "Vualeq" {freeze, Will+
                  | Str+3 Int-2}
  1547 | D:2      | Noticed a phantom
  1552 | D:2      | Killed a phantom
  1553 | D:2      | Gained mutation: You sometimes gain a little power by
                  | taking damage. [demonic ancestry]
  1553 | D:2      | Reached XP level 4. HP: 35/35 MP: 4/4
  1945 | D:3      | Gained mutation: You are partially covered in large bone
                  | plates. (SH +4) [demonic ancestry]
  1945 | D:3      | Reached XP level 5. HP: 41/41 MP: 5/5
  2143 | D:3      | Found a glowing drain.
  2147 | Sewer    | Entered a sewer
  2242 | Sewer    | Reached XP level 6. HP: 44/48 MP: 6/6
  2549 | D:3      | You fall into a shaft and drop 3 floors!
  2589 | D:6      | Noticed an ice beast
  2616 | D:6      | Noticed an ice beast
  2627 | D:6      | Killed an ice beast
  2629 | D:6      | Slain by a bullfrog

Illustrated notes

Levels and vault maps discovered:
D:1:      nzn_arrival_settlement, layout_loops_corners,
          minmay_gold_behind_fungi, hex_large, palyth_stone_intersect,
          minmay_split_cup_large
D:2:      layout_basic
D:3:      layout_rooms, gup_sewer_entry_spiral, serial_curves, eino_curves_04,
          eino_curves_01
D:6:      layout_basic, minmay_temple_entry_butterflies

Skill      XL: |  1  2  3  4  5  6 |
---------------+-------------------+-----
Fighting       | 2 3 4 |  4.1
Unarmed Combat | 1 2 3 4 |  4.6
Armour         | |  1.7
Dodging        | |  0.8
Stealth        | |  0.8
Evocations     | |  3.0

Action                     |  1- 3 |  4- 6 || total
---------------------------+-------+-------++-------
  Melee: Whip              |    78 |       ||    78
         Unarmed           |    22 |       ||    22
         Quarterstaff      |     1 |    83 ||    84
  Evoke: Wand              |     8 |     5 ||    13
    Use: Scroll            |       |     3 ||     3
   Stab: Sleeping          |     2 |       ||     2
 Armour: Leather armour    |    35 |    29 ||    64
  Dodge: Dodged            |    62 |    51 ||   113
  Block: Other             |       |    15 ||    15
